 Dungeon Crawl Stone Soup version 0.31-a0-968-g24f9ace8b5 (webtiles) character file.

Game seed: 2507607746567654933

132 Fodor the Trooper (level 4, -6/41 HPs)
             Began as a Minotaur Fighter on Oct 27, 2023.
             Was an Initiate of Gozag.
             Mangled by Grinder (7 damage)
             ... on level 3 of the Dungeon.
             The game lasted 00:08:08 (1859 turns).

Fodor the Trooper (Minotaur Fighter)                Turns: 1859, Time: 00:08:10

Health: -6/41      AC:  7    Str: 23    XL:     4   Next: 92%
Magic:  3/3        EV:  9    Int:  5    God:    Gozag
Gold:   120        SH:  4    Dex:  9    Spells: 3/3 levels left

rFire   . . .        o - +1 mace (heavy)
rCold   . . .        c - +0 buckler
rNeg    . . .        b - +0 scale mail
rPois   .            (helmet currently unavailable)
rElec   .            (cloak currently unavailable)
rCorr   .            (gloves currently unavailable)
SInv    .            (boots currently unavailable)
Will    .....        (no amulet) Stlth
                     (no ring)
HPRegen 0.26/turn    (no ring)
MPRegen 0.08/turn

%: no passive effects
@: beast-form
A: beast (slay +0), horns 2, retaliatory headbutt
a: Begin Untransformation, Renounce Religion, Potion Petition, Call Merchant,
Bribe Branch


You were on level 3 of the Dungeon.
You worshipped Gozag.
Gozag was aware of your devotion.
You were a hulking beast.
You visited 1 branch of the dungeon, and saw 3 of its levels.

You collected 177 gold pieces.
You paid 57 gold pieces to Gozag.

Inventory:

Hand Weapons
 a - a +0 war axe
 o - a +1 heavy mace (weapon)
Missiles
 g - 6 atropa-tipped darts (quivered)
 p - 5 poisoned darts
Armour
 b - a +0 scale mail (worn)
 c - a +0 buckler (worn)
Jewellery
 k - a ring of ice
 r - an amulet of regeneration
Talismans
 f - a beast talisman (active)
Scrolls
 e - a scroll of revelation {unknown}
 h - a scroll of noise {unknown}
 i - a scroll of fear {unknown}
 j - a scroll of teleportation {unknown}
 l - a scroll of identify {unknown}
 m - a scroll of blinking {unknown}
 n - a scroll of fog {unknown}
 q - a scroll of enchant armour {unknown}
 s - a scroll of amnesia {unknown}
Potions
 d - 3 potions of might
 t - a potion of brilliance {unknown}
 u - a potion of attraction {unknown}


   Skills:
 + Level 4.4 Fighting
 + Level 4.0 Axes
 + Level 0.2(2.4) Maces & Flails
 + Level 4.3 Armour
 + Level 0.9 Dodging
 + Level 4.1 Shields
 + Level 0.9 Shapeshifting


You had 3 spell levels left.
You didn't know any spells.
Your spell library contained the following spells:

 Spells                   Type           Power      Damage    Failure   Level
 Shock                    Conj/Air       0%         1d3       85%         1
 Swiftness                Air            0%         N/A       99%         3
 Airstrike                Air            0%         2d(0-16)  100%        4


Dungeon Overview and Level Annotations

Branches:
Dungeon (3/15)

Altars:
Cheibriados
Elyvilon
Fedhas
Gozag
Hepliaklqana
Nemelex Xobeh
Qazlal
Sif Muna
Uskayaw
Wu Jian
Xom

Annotations:
D:3 Grinder


Innate Abilities, Weirdness & Mutations

You are a hulking beast.
Your limbs bulge with bestial killing power. (Slay +0)
You have a pair of horns on your head.
You reflexively headbutt those who attack you in melee.


Message History

You barely miss Grinder. Your headbutt misses Grinder.
Grinder is lightly wounded.
Grinder hits you!
You writhe in agony.
Grinder gestures at you.
You suddenly lose the ability to move!
You can move again.
You thump Grinder!
Grinder is heavily wounded.
Grinder says, "You look like you could use a good racking."
Grinder hits you.
You writhe in agony.
Grinder barely misses you.
You sock Grinder! You headbutt Grinder!
Grinder is almost dead.
Grinder blinks!
Grinder says, "My boss said I was rubbish.
His entrails said otherwise."
Grinder gestures at you.
You suddenly lose the ability to move!
Grinder gestures at you.
You shrug off the repeated paralysis!
You can move again.
Grinder gestures at you.
You shrug off the repeated paralysis!
You hit Grinder. Your headbutt misses Grinder.
Grinder is almost dead.
Grinder blinks!
Grinder gestures at you. Pain shoots through your body!
* * * LOW HITPOINT WARNING * * *
Grinder hits you but does no damage. Grinder gestures at you.
You barely resist. You completely miss Grinder.
Grinder is almost dead.
Grinder hits you!
* * * LOW HITPOINT WARNING * * *
You writhe in agony.
* * * LOW HITPOINT WARNING * * *
Grinder hits you!
You die...
Grinder says, "Now the real fun starts!"
Your body crumbles into a pile of gold.

...######.#.#
#..##.....#.##.
#..#..####.....
########..#.##......##
##...........#..###.##
##........#.###. #.#
.........#####. #.#
............... #.#
...#..5h.####.. #.#
..#_#....# ..#
...#..#### ......
...### ###


You could see Grinder.

Vanquished Creatures
  Robin (D:2)
  6 adders (D:2)
  A worm (D:3)
  2 ball pythons (D:2)
  5 bats
  5 endoplasms
  4 giant cockroaches
  15 goblins
  5 hobgoblins
  4 kobolds
  2 quokkas
  4 frilled lizards
  5 rats
59 creatures vanquished.

Notes
Turn   | Place    | Note
-------+----------+-------------------------------------------
     0 | D:1      | Fodor the Minotaur Fighter began the quest for the Orb.
     0 | D:1      | Reached XP level 1. HP: 19/19 MP: 0/0
   230 | D:1      | Reached XP level 2. HP: 27/27 MP: 1/1
   777 | D:2      | Reached XP level 3. HP: 33/33 MP: 2/2
   910 | D:2      | Reached XP level 4. HP: 40/40 MP: 3/3
   965 | D:2      | Noticed Robin
   981 | D:2      | Killed Robin
  1747 | D:3      | Found a sparkling altar of Nemelex Xobeh.
  1752 | D:3      | Found a hide-covered altar of Uskayaw.
  1757 | D:3      | Found a snail-covered altar of Cheibriados.
  1759 | D:3      | Found an ornate altar of the Wu Jian Council.
  1759 | D:3      | Found a hazy altar of Hepliaklqana.
  1759 | D:3      | Found an opulent altar of Gozag.
  1760 | D:3      | Found a white marble altar of Elyvilon.
  1761 | D:3      | Found a shimmering blue altar of Sif Muna.
  1762 | D:3      | Found a stormy altar of Qazlal.
  1772 | D:3      | Became a worshipper of Gozag Ym Sagoz the Greedy
  1780 | D:3      | Found a shimmering altar of Xom.
  1781 | D:3      | Found a blossoming altar of Fedhas.
  1842 | D:3      | Noticed Grinder
  1844 | D:3      | Found a faded altar of an unknown god.
  1848 | D:3      | Paralysed by Grinder for 2 turns
  1852 | D:3      | Paralysed by Grinder for 2 turns
  1859 | D:3      | HP: 1/41 [Grinder (2)]
  1859 | D:3      | Mangled by Grinder

Illustrated notes

Levels and vault maps discovered:
D:1:      saegor_arrival_simple_a, layout_loops_cross,
          nicolae_concentric_dashed_squares_wild
D:2:      layout_loops_ring, minmay_between, uniq_robin
D:3:      layout_rooms, minitemple, chequers_ecumenical_altar_simple,
          uniq_grinder, uniq_ijyb, uniq_jessica

Skill      XL: |  1  2  3  4 |
---------------+-------------+-----
Armour         | 4 |  4.3
Axes           | 3 4 |  4.0
Fighting       | 4 |  4.4
Shields        | 4 |  4.1
Maces & Flails | |  0.2
Dodging        | |  0.9
Shapeshifting  | |  0.9

Action                     |  1- 3 |  4- 6 || total
---------------------------+-------+-------++-------
  Melee: War axe           |    63 |    23 ||    86
         Headbutt          |     5 |     4 ||     9
         Mace              |       |    20 ||    20
 Armour: Scale mail        |    54 |    43 ||    97
  Dodge: Dodged            |    37 |    29 ||    66
  Block: Buckler           |    14 |    11 ||    25
   Form: Beast             |     1 |       ||     1

Table legend: (Time is in decaauts)
 A = Elapsed time spent in this place.
 B = Non-inter-level travel time spent in this place.
 C = Inter-level travel time spent in this place.
 D = Time resting spent in this place.
 E = Time spent auto-exploring this place.
 F = Levels seen in this place.
 G = Mean time per level.
                   A        B        C        D        E       F      G
               +--------+--------+--------+--------+--------+-----+--------+
         Total |   1908 |   1885 |     23 |    103 |      0 |   3 |  636.0 |
       Dungeon |   1908 |   1885 |     23 |    103 |      0 |   3 |  636.0 |
               +--------+--------+--------+--------+--------+-----+--------+

Top non-repeatable levels by time:
     D:2: 999 daAuts
     D:1: 784 daAuts
     D:3: 125 daAuts
